 Seeded DCSS version 0.29.1-15-g9cfb28693d (webtiles) character file.

Game seed: 16245865983455551772 (custom seed)

1 Atreus the Stinger (level 1, 10/10 HPs)
             Began as a Deep Elf Venom Mage on Mar 6, 2023.
             Quit the game on level 1 of the Dungeon.
             The game lasted 00:00:36 (64 turns).

Atreus the Stinger (Deep Elf Venom Mage)              Turns: 64, Time: 00:00:37

Health: 10/10      AC:  2    Str:  5    XL:     1   Next: 16%
Magic:  6/6        EV: 12    Int: 19    God:
Gold:   0          SH:  0    Dex: 15    Spells: 5/6 levels left

rFire   . . .      SeeInvis .   c - +0 dagger
rCold   . . .      Faith    .   (no shield)
rNeg    . . .      Spirit   .   a - +0 robe
rPois   .          Reflect  .   (no helmet)
rElec   .          Harm     .   (no cloak)
rCorr   .          Rampage  .   (no gloves)
Will    .....                   (no boots)
Stlth   ++........              (no amulet)
HPRegen 0.03/turn               (no ring)
MPRegen 0.10/turn               (no ring)

@: no status effects
A: no striking features
a: no special abilities


You were on level 1 of the Dungeon.
You visited 1 branch of the dungeon, and saw 1 of its levels.

Inventory:

Hand Weapons
 c - a +0 dagger (weapon)
Armour
 a - a +0 robe (worn)
Jewellery
 e - an amulet of the acrobat
Scrolls
 d - a scroll of acquirement
Potions
 b - a potion of magic


   Skills:
 + Level 2.4 Dodging
 + Level 2.4 Stealth
 + Level 3.1 Spellcasting
 + Level 1.1 Transmutations
 + Level 3.2 Poison Magic


You had 5 spell levels left.
You knew the following spells:

 Your Spells              Type           Power      Damage    Failure   Level
a - Sting                 Tmut/Pois      44%        1d5       6%          1

Your spell library contained the following spells:

 Spells                   Type           Power      Damage    Failure   Level
 Poisonous Vapours        Pois/Air       18%        N/A       12%         2
 Mephitic Cloud           Conj/Pois/Air  7%         N/A       28%         3
 Olgreb's Toxic Radiance  Pois           15%        N/A       36%         4
 Gell's Gravitas          Tloc           3%         N/A       41%         3
 Teleport Other           Tloc           3%         N/A       41%         3
 Dispersal                Tloc           1%         N/A       100%        6


Dungeon Overview and Level Annotations

Branches:
Dungeon (1/15)

Altars:


Message History

Welcome, Atreus the Deep Elf Venom Mage.
Game seed: 16245865983455551772 (custom seed) Press ? for a list of commands and other information.
Found a sling.
Found a staircase leading out of the dungeon.
Unknown command.
Unknown command.
Unknown command.
Found two escape hatches in the floor.
Found a dagger.
You see here a +0 dagger.
c - a +0 dagger
c - a +0 dagger (weapon)
A goblin comes into view. It is wielding a +0 dagger.
An endoplasm comes into view.
Found 3 scrolls labelled WAC GOIFOFITOUPLEC.
Aiming: Sting (safe; 6% risk of failure)
Press: ? - help, Q - select action Shift-Dir - straight line, f - you
Okay, then.
Aiming: Sting (safe; 6% risk of failure)
Press: ? - help, Q - select action Shift-Dir - straight line, f - endoplasm
Aim: an endoplasm (asleep, 100% to hit)
The sting hits the endoplasm.
The endoplasm is poisoned.
The endoplasm is lightly wounded.
Unknown command.
The endoplasm jiggles.
You hit the endoplasm.
The endoplasm is almost dead.
You kill the endoplasm!
d - 3 scrolls labelled WAC GOIFOFITOUPLEC
There are no items here.
Okay, then.
This is a scroll of acquirement!
Something appears at your feet!
e - an amulet of the acrobat You see here a There-And-Back Book.
Something appears at your feet!
You pick up a There-And-Back Book and begin reading...
You add the spells Gell's Gravitas, Teleport Other and Dispersal to your library.
Are you sure you want to abandon this character and quit the game? (Confirm with "yes".)

### # #.. .# #.#
#.# #.######..###
.###.##.#..........
.......@..#..#.....
.###.##...#..# ...
#...###.## # #...#
#..# ...# #..##
##.## .... #..#g.
#..# ....#
#.##...##.## ....#
..#.... #..#.....#
#.....#..#....#


There were no monsters in sight!

Vanquished Creatures
  An endoplasm (D:1)
1 creature vanquished.

Notes
Turn   | Place    | Note
-------+----------+-------------------------------------------
     0 | D:1      | Atreus the Deep Elf Venom Mage began the quest for the Orb.
     0 | D:1      | Reached XP level 1. HP: 10/10 MP: 6/6
    57 | D:1      | Identified 3 scrolls of acquirement
    57 | D:1      | Acquired an amulet of the acrobat
    59 | D:1      | Acquired a There-And-Back Book
    64 | D:1      | Quit the game

Illustrated notes

Levels and vault maps discovered:
D:1:      minmay_arrival_hallway, layout_loops_corners, basic_ecumenical_altar,
          minmay_unequal

Action                   || total
-------------------------++-------
Melee: Dagger            ||     1
 Cast: Sting             ||     1
  Use: Scroll            ||     2
